 Dungeon Crawl Stone Soup version 0.19-a0-1111-gcceb26a (webtiles) character file.

65 epen the Insei (level 4, 0/31 HPs)
             Began as an Octopode Monk on Aug 10, 2016.
             Slain by Robin
             ... wielding a +0 short sword
              (4 damage)
             ... on level 2 of the Dungeon.
             The game lasted 00:01:11 (1188 turns).

epen the Insei (Octopode Monk)                      Turns: 1188, Time: 00:01:13

Health: 0/31       AC:  1    Str: 10    XL:     4   Next: 13%
Magic:  4/4        EV: 14    Int: 12    God:
Gold:   70         SH:  0    Dex: 15    Spells: 0 memorised, 3 levels left

rFire  . . .     SeeInvis .       - Unarmed
rCold  . . .     Gourm    .     (no shield)
rNeg   . . .     Faith    .     (helmet restricted)
rPois  .         Spirit   .     (no amulet)
rElec  .         Dismiss  .     (no ring)
rCorr  .         Reflect  .     (no ring)
SustAt .         Harm     .     (no ring)
MR     .....                    (no ring)
Stlth  ++++......               (no ring)
                                (no ring)
                                (no ring)
                                (no ring)

@:
A: almost no armour, amphibious, 8 rings, constrict 8, camouflage 1, gelatinous
body 1
a: no special abilities


You were on level 2 of the Dungeon.
You were hungry.

You visited 1 branch of the dungeon, and saw 2 of its levels.

You collected 70 gold pieces.

Inventory:

Wands
 i - a wand of flame (23/48)
Scrolls
 d - 2 scrolls of remove curse {unknown}
 e - a scroll of identify {unknown}
Potions
 b - a potion of haste {unknown}
 g - a potion of curing {unknown}
 h - a potion of mutation {unknown}
Comestibles
 a - 3 bread rations
 f - 2 meat rations


   Skills:
 + Level 3.5 Fighting
 + Level 3.3 Dodging
 + Level 3.3 Stealth
 * Level 3.9 Unarmed Combat


You had 3 spell levels left.
You didn't know any spells.

Dungeon Overview and Level Annotations

Branches:
Dungeon (2/15)

Altars:

Annotations:
D:2 Robin


Innate Abilities, Weirdness & Mutations

You cannot wear most types of armour.
You are amphibious.
You can wear up to eight rings at the same time.
You can use your tentacles to constrict eight enemies at once.
Your skin changes colour to match your surroundings (Stealth+).
Your rubbery body absorbs attacks. (AC +1, EV +1)


Message History

You are too injured to fight recklessly!
You tentacle-slap the goblin but do no damage.
You grab the goblin. You constrict the goblin. The goblin barely misses you.
Robin closely misses you.
A goblin comes into view.
You tentacle-slap the goblin but do no damage.
The goblin is moderately wounded.
You constrict the goblin. The goblin hits you.
* * * LOW HITPOINT WARNING * * *
Robin barely misses you.
You tentacle-slap the goblin.
You kill the goblin!
Robin barely misses you.
You see here a goblin corpse.
A hobgoblin comes into view.
A goblin comes into view.
It was a potion of cure mutation.
It has a very clean taste.
Robin roars a battlecry!
Robin hits you with a short sword.
You die...

##### ######...##<.#
#....## #........##.#
#(..... ...###....#..#
#?....# #.#.#..#####
###.....# #.#.#.##....
.......)#########.#......#
###.....gg†g.gg>#.#....###
#....########g...........
#.... ##@...####### #.##g
#.....# #. #g #..>..# # .g
#####...<.# g.
#.........##
.##.#..###.÷....# ..#.#
#......##### ...
#.....)....# #.#..
#.###.####.#


You could see Robin, a hobgoblin and a goblin.

Vanquished Creatures
  3 adders (D:2)
  2 dart slugs (D:1)
  A giant cockroach (D:1)
  A hobgoblin (D:1)
  A quokka (D:2)
  A ball python (D:1)
  6 bats
  12 goblins
  4 kobolds
  3 rats
34 creatures vanquished.

Notes
Turn   | Place    | Note
-------+----------+-------------------------------------------
     0 | D:1      | epen the Octopode Monk began the quest for the Orb.
     0 | D:1      | Reached XP level 1. HP: 16/16 MP: 1/1
   198 | D:1      | Reached XP level 2. HP: 18/21 MP: 2/2
   602 | D:1      | Reached XP level 3. HP: 26/26 MP: 3/3
  1144 | D:2      | Reached XP level 4. HP: 31/31 MP: 4/4
  1161 | D:2      | Noticed Robin
  1188 | D:2      | Slain by Robin

Vault maps used:
D:1:      scummos_arrival_forest, supply_closet_lemuel
D:2:      first_bread, uniq_robin

Skill      XL: |  1  2 |
---------------+-------+-----
Stealth        | 3 |  3.3
Fighting       | |  3.5
Dodging        | |  3.3
Unarmed Combat | |  3.9

Action                   |  1- 3 |  4- 6 || total
-------------------------+-------+-------++-------
Melee: Unarmed           |    46 |    13 ||    59
       Constrict         |    14 |     3 ||    17
       Tentacles         |    13 |       ||    13
       Punch             |     2 |       ||     2
  Use: Potion            |       |     1 ||     1
 Stab: Sleeping          |    13 |       ||    13
Armor: Skin              |     2 |     1 ||     3
Dodge: Dodged            |    27 |    10 ||    37
